 Dungeon Crawl Stone Soup version 0.17-a0-2058-g8b0eb12 (webtiles) character file.

1663 Ordine the Carver (level 9, 0/58 HPs)
             Began as an Octopode Fighter on Oct 11, 2015.
             Slain by a killer bee (3 damage)
             ... on level 7 of the Dungeon on Oct 12, 2015.
             The game lasted 00:22:17 (8089 turns).

Ordine the Carver (Octopode Fighter)                Turns: 8089, Time: 00:22:17

Health: 0/58       AC:  1    Str: 15    XL:     9   Next: 1%
Magic:  9/9        EV: 17    Int: 10    God:
Gold:   155        SH: 14    Dex: 20    Spells: 0 memorised, 8 levels left

rFire  + . .     SeeInvis .     a - +0 long sword
rCold  + . .     Clarity  .     b - +4 shield
rNeg   + . .     SustAt   .     (helmet restricted)
rPois  +         Gourm    .     B - amulet of warding
rElec  +         Spirit   .     (no ring)
rCorr  +         Warding  +     (no ring)
rMut   .         Stasis   .     (no ring)
MR     .....                    (no ring)
Stlth  ++++......               (no ring)
                                (no ring)
                                (no ring)
                                (no ring)

@: agile, lethally poisoned (0 -> -4), resistant, not resistant to hostile
enchantments, stealthy
A: almost no armour, amphibious, 8 rings, constrict 8, camouflage 1, gelatinous
body 1
a: no special abilities


You were on level 7 of the Dungeon.
You were very hungry.

You visited 2 branches of the dungeon, and saw 8 of its levels.

You collected 303 gold pieces.
You spent 148 gold pieces at shops.

Inventory:

Hand Weapons
 a - a +0 long sword (weapon)
Missiles
 j - 236 stones (quivered)
 o - 2 throwing nets
 q - 13 poisoned needles
Armour
 b - a +4 shield (worn)
Magical Staves
 k - an uncursed staff of wizardry
Jewellery
 B - an amulet of warding (around mantle)
Scrolls
 e - 3 scrolls of fear
 f - a scroll of teleportation
 i - 5 scrolls of remove curse
 n - 4 scrolls of identify
 p - 2 scrolls of fog
 s - 3 scrolls of recharging
 v - a scroll of enchant weapon
Potions
 c - a potion of might
 g - 2 potions of magic
 h - a potion of flight
 m - a potion of cancellation
 t - 2 potions of resistance
Books
 r - an Akashic Record

   Spells                             Type                      Level
   a - Dispersal                      Translocation                6
   b - Controlled Blink               Translocation                7
   c - Malign Gateway                 Summoning/Translocation      7
   d - Disjunction                    Translocation                8
 w - a book of Battle

   Spells                             Type                      Level
   a - Infusion                       Charms                       1
   b - Shroud of Golubria             Charms/Translocation         2
   c - Song of Slaying                Charms                       2
   d - Spectral Weapon                Hexes/Charms                 3
   e - Regeneration                   Charms/Necromancy            3
 y - a Young Poisoner's Handbook

   Spells                             Type                      Level
   a - Sting                          Conjuration/Poison           1
   b - Cure Poison                    Poison                       2
   c - Mephitic Cloud                 Conjuration/Poison/Air       3
   d - Olgreb's Toxic Radiance        Poison                       4
   e - Venom Bolt                     Conjuration/Poison           5
Comestibles
 d - 5 bread rations
 u - a royal jelly
 x - a beef jerky
 z - a slice of pizza
 C - a meat ration


   Skills:
 - Level 4.2 Fighting
 + Level 10.4 Long Blades
 - Level 3.0 Dodging
 - Level 4.1 Shields


You had 8 spell levels left.
You didn't know any spells.

Dungeon Overview and Level Annotations

Branches:
Dungeon (7/15)             Temple (1/1) D:5

Altars:
Ashenzari
Cheibriados
Fedhas
Gozag
Kikubaaqudgha
Makhleb
Nemelex Xobeh
Okawaru
Qazlal
Ru
Sif Muna
Trog
Vehumet
Xom
Yredelemnul
Zin

Shops:
D:5 ?


Innate Abilities, Weirdness & Mutations

You cannot wear most types of armour.
You are amphibious.
You can wear up to eight rings at the same time.
You can use your tentacles to constrict eight enemies at once.
Your skin changes colour to match your surroundings (Stealth).
Your rubbery body absorbs attacks (AC +1).


Message History

You are poisoned.
The killer bee poisons you! The killer bee stings you!
You hit the killer bee but do no damage.
You squeeze the killer bee!
You kill the killer bee!
You have reached level 9!
Your experience leads to an increase in your attributes!
Increase (S)trength, (I)ntelligence, or (D)exterity?
You feel agile.
You feel sick. You block the killer bee's attack. The killer bee stings you!
* * * LOW HITPOINT WARNING * * *
Drink which item? (? for menu, Esc to quit)
You feel agile all of a sudden.
You feel sick. The killer bee misses you. The killer bee stings you.
* * * LOW HITPOINT WARNING * * *
Drink which item? (? for menu, Esc to quit)
Okay, then.
You miss the killer bee. Your grab misses the killer bee.
The killer bee stings you.
You die...

###### #...^#
#.##.###########
#.#.<#........@#
#.#..#.#######y#
#.#..#.# #y# #.#..#.#
#a# ###.#..#.#######.#
.................$...yS.
###.#..#.#####.#.#.####(
###.#..#.# #...#$#
..#.#..#.# # ..# #


You could see a worker ant and 2 killer bees.

Vanquished Creatures
  2 phantoms
  A sky beast (D:7)
  2 centaurs (D:5)
  An ogre (D:6)
  A giant frog (D:7)
  A wyvern skeleton (D:6)
  A scorpion (D:5)
  4 killer bees (D:7)
  The ghost of Conn321 the Tormented, a weakling DsNe of Kikubaaqudgha (D:3)
  2 hounds
  A crimson imp (D:5)
  A giant frog zombie (D:5)
  A jelly (D:5)
  3 orc wizards
  An orc priest (D:6)
  4 worker ants
  3 iguanas
  A worker ant zombie (D:5)
  Robin (D:2)
  10 gnolls
  5 adders
  2 adder zombies
  5 worms
  3 giant geckos
  17 orcs
  A giant cockroach (D:3)
  18 goblins
  21 hobgoblins
  10 kobolds
  4 quokkas
  2 ball pythons
  9 bats
  4 giant newts
  15 jackals
  6 rats
164 creatures vanquished.

Notes
Turn   | Place    | Note
--------------------------------------------------------------
     0 | D:1      | Ordine the Octopode Fighter began the quest for the Orb.
     0 | D:1      | Reached XP level 1. HP: 16/16 MP: 1/1
   198 | D:1      | Reached XP level 2. HP: 21/21 MP: 2/2
   675 | D:1      | Reached XP level 3. HP: 8/26 MP: 3/3
  1808 | D:2      | Reached XP level 4. HP: 32/32 MP: 4/4
  1918 | D:2      | Found an opulent altar of Gozag.
  1962 | D:2      | Noticed Robin
  1977 | D:2      | Killed Robin
  2210 | D:2      | Found a stormy altar of Qazlal.
  2231 | D:2      | Found a bloodstained altar of Trog.
  2337 | D:2      | Reached skill level 4 in Fighting
  2499 | D:3      | Reached XP level 5. HP: 37/37 MP: 5/5
  2751 | D:3      | Gained mutation: Your mind is acute. (Int +2) [potion of mutation]
  2751 | D:3      | Gained mutation: You are agile. (Dex +2) [potion of mutation]
  2751 | D:3      | Gained mutation: Your body sometimes deteriorates upon taking damage. [potion of mutation]
  2848 | D:3      | Noticed Conn321's ghost (weakling DsNe)
  2860 | D:3      | Killed Conn321's ghost
  3380 | D:3      | Found a blossoming altar of Fedhas.
  3561 | D:4      | Reached XP level 6. HP: 39/43 MP: 6/6
  3629 | D:4      | Noticed a phantom
  3632 | D:4      | Lost mutation: Your mind is acute. (Int +2) [potion of cure mutation]
  3632 | D:4      | Lost mutation: Your body sometimes deteriorates upon taking damage. [potion of cure mutation]
  3632 | D:4      | Lost mutation: You are agile. (Dex +2) [potion of cure mutation]
  3668 | D:4      | Killed a phantom
  3668 | D:4      | Reached skill level 5 in Long Blades
  4187 | D:5      | Entered Level 5 of the Dungeon
  4725 | D:4      | Reached XP level 7. HP: 36/48 MP: 7/7
  4876 | D:4      | Got a serpentine pewter ring
  4877 | D:4      | Identified the ring "Vowumootz" {Fire Dex+3} (You found it on level 4 of the Dungeon)
  5098 | D:4      | Reached skill level 6 in Long Blades
  5313 | D:5      | Found Xuipew's Magic Scroll Boutique.
  5580 | D:5      | Reached skill level 7 in Long Blades
  5954 | D:5      | Bought a scroll of identify for 22 gold pieces
  5954 | D:5      | Bought a scroll of enchant weapon for 82 gold pieces
  5954 | D:5      | Bought a scroll of identify for 22 gold pieces
  5954 | D:5      | Bought a scroll of identify for 22 gold pieces
  6335 | D:5      | Reached XP level 8. HP: 54/54 MP: 8/8
  6358 | D:5      | Found a snail-covered altar of Cheibriados.
  6365 | D:5      | Reached skill level 8 in Long Blades
  6552 | D:5      | Found a staircase to the Ecumenical Temple.
  6561 | Temple   | Entered the Ecumenical Temple
  7160 | D:6      | Found an ancient bone altar of Kikubaaqudgha.
  7279 | D:6      | Reached skill level 9 in Long Blades
  7385 | D:6      | Found a sacrificial altar of Ru.
  8072 | D:7      | Reached skill level 10 in Long Blades
  8087 | D:7      | Reached XP level 9. HP: 18/58 MP: 9/9
  8088 | D:7      | HP: 2/58 [killer bee (5)]
  8089 | D:7      | Slain by a killer bee

Vault maps used:
D:1:      dpeg_arrival_chambers_temple_mockup, kennysheep_decorative_pillar,
          hex_tiny, st_stairs_6
D:2:      grunt_qazlal_clouds, nicolae_gozag_cash_rules_everything_around_me,
          minmay_misc_feat_plants, trog_butcher_becter, uniq_robin
D:3:      first_bread, fedhas_altar_1
D:5:      lemuel_temple_firewalk_marked, serial_shops, shop, cheibriados_altar_1
D:6:      lemuel_coloured_pillars_altar, nicolae_ru_great_annihilating_truth
D:7:      grunt_dithmenos_smoke_and_mirrors, grunt_livestock
Temple:   nicolae_temple_no_exploring_needed

Action                   |  1- 3 |  4- 6 |  7- 9 || total
-------------------------+-------+-------+-------++-------
Melee: Long sword        |    80 |   162 |   180 ||   422
Throw: Stone             |     1 |     7 |     4 ||    12
       Throwing net      |       |       |     1 ||     1
  Use: Scroll            |     4 |    12 |     4 ||    20
       Potion            |     1 |     2 |     2 ||     5
 Stab: Sleeping          |     3 |     7 |     2 ||    12
       Held in net/web   |       |       |     2 ||     2
       Paralysed         |       |       |     1 ||     1
  Eat: Chunk             |     3 |     7 |    10 ||    20
       Pizza             |       |     1 |       ||     1
